[ AOE2 MATCH · #505772045 ]
UnrankedTeutons vs Italians
Player's team · WIN
Rival team · LOSS
[ REPLAY ANALYSIS · EXTRACTED FROM THE RECORDED GAME ]
Feudal
9:24
Castle
26:32
Imperial
44:25
| APM avg | 51.6 |
| APM peak | 76 |
| eAPM avg | 28.9 |
| Villagers / military | 131 / 85 |
Focus
⚔️ 31.3% · 🌾 68.7%
Knight ×36 · Skirmisher ×25 · Militia ×12 · Monk ×3 · Mangonel ×3 · Spearman ×3
Feudal
10:54
Castle
27:44
Imperial
—
| APM avg | 76.7 |
| APM peak | 119 |
| eAPM avg | 30.9 |
| Villagers / military | 101 / 80 |
Focus
⚔️ 36.3% · 🌾 63.7%
Archer ×27 · Genoese Crossbowman ×22 · Knight ×13 · Scout Cavalry ×8 · Skirmisher ×5 · Militia ×3
Match map
Initial resources + every placement click. Lines = walls · curves = elevation contours. ◆ gold · ⬟ stone · ● berries · ✦ relic · ◌ wall gap
Your base· Open — unwalled flank
Gil-galad's base· ✓ Closed at 27:44 · 59t walls · 2 gate(s)
Smoothed initial terrain · ◌ = detected wall gap · hover for details
Inputs per minute
— __97_Unknown_Arg - - Gil-galad
Build order — __97_Unknown_Arg
First 150 of 404 actions detected
| 0:00 | Create | Villager (Male) |
| 0:00 | Create | Villager (Male) |
| 0:01 | Create | Villager (Male) |
| 0:01 | Create | Villager (Male) |
| 0:02 | Build | House |
| 0:03 | Build | House |
| 1:25 | Create | Villager (Male) |
| 1:48 | Build | Lumber Camp |
| 2:02 | Create | Villager (Male) |
| 2:27 | Create | Villager (Male) |
| 2:47 | Create | Villager (Male) |
| 2:48 | Create | Villager (Male) |
| 3:18 | Create | Villager (Male) |
| 3:39 | Create | Villager (Male) |
| 3:43 | Build | House |
| 3:45 | Create | Villager (Male) |
| 3:45 | Create | Villager (Male) |
| 4:22 | Create | Villager (Male) |
| 4:22 | Create | Villager (Male) |
| 4:23 | Create | Villager (Male) |
| 4:50 | Create | Villager (Male) |
| 5:05 | Build | Barracks |
| 5:32 | Build | House |
| 5:36 | Create | Villager (Male) |
| 6:13 | Build | Palisade Wall |
| 6:13 | Build | Palisade Wall |
| 6:17 | Build | Palisade Wall |
| 6:24 | Create | Villager (Male) |
| 6:36 | Research | Loom |
| 7:03 | Research | Feudal Age |
| 7:19 | Build | Mining Camp |
| 7:25 | Create | Militia |
| 7:40 | Create | Militia |
| 7:40 | Create | Militia |
| 7:51 | Build | Palisade Wall |
| 7:54 | Build | Palisade Wall |
| 8:09 | Create | Militia |
| 8:18 | Build | House |
| 8:23 | Build | House |
| 8:25 | Create | Villager (Male) |
| 8:50 | Build | Palisade Wall |
| 8:52 | Build | Palisade Wall |
| 8:53 | Build | Palisade Wall |
| 9:05 | Build | Palisade Wall |
| 9:05 | Create | Villager (Male) |
| 9:10 | Build | Palisade Wall |
| 9:24 | Age | Feudal Age |
| 9:26 | Research | Man-at-Arms (upgrade) |
| 9:29 | Build | Mill |
| 10:04 | Create | Villager (Male) |
| 10:21 | Create | Villager (Male) |
| 10:33 | Create | Militia |
| 10:33 | Create | Militia |
| 10:34 | Create | Militia |
| 10:52 | Build | Mining Camp |
| 11:01 | Create | Militia |
| 11:30 | Build | Watch Tower |
| 11:33 | Create | Villager (Male) |
| 11:56 | Build | House |
| 12:07 | Create | Villager (Male) |
| 12:10 | Build | Farm |
| 12:10 | Build | Farm |
| 12:28 | Create | Villager (Male) |
| 12:28 | Create | Villager (Male) |
| 12:33 | Build | Farm |
| 12:51 | Build | Watch Tower |
| 12:53 | Create | Villager (Male) |
| 12:55 | Build | Farm |
| 13:14 | Create | Villager (Male) |
| 13:29 | Create | Villager (Male) |
| 13:31 | Build | Farm |
| 13:40 | Build | Farm |
| 13:43 | Build | Palisade Wall |
| 13:44 | Build | Palisade Wall |
| 13:46 | Build | Palisade Wall |
| 13:47 | Build | Palisade Wall |
| 13:48 | Build | Palisade Wall |
| 13:51 | Create | Villager (Male) |
| 14:19 | Create | Villager (Male) |
| 14:32 | Create | Villager (Male) |
| 14:33 | Build | Farm |
| 15:01 | Create | Villager (Male) |
| 15:03 | Build | Farm |
| 15:13 | Create | Villager (Male) |
| 15:15 | Build | Archery Range |
| 15:29 | Create | Militia |
| 15:30 | Create | Militia |
| 15:46 | Create | Villager (Male) |
| 15:54 | Create | Villager (Male) |
| 15:56 | Create | Militia |
| 15:56 | Create | Militia |
| 16:08 | Create | Villager (Male) |
| 16:28 | Build | House |
| 16:29 | Create | Skirmisher |
| 16:29 | Create | Skirmisher |
| 16:29 | Create | Skirmisher |
| 16:36 | Build | House |
| 16:50 | Create | Villager (Male) |
| 16:51 | Create | Skirmisher |
| 16:54 | Create | Villager (Male) |
| 17:23 | Create | Villager (Male) |
| 17:29 | Build | Watch Tower |
| 17:35 | Create | Villager (Male) |
| 17:42 | Create | Villager (Male) |
| 18:01 | Build | Blacksmith |
| 18:11 | Create | Villager (Male) |
| 18:23 | Create | Villager (Male) |
| 18:32 | Research | Double-Bit Axe |
| 18:38 | Create | Villager (Male) |
| 18:52 | Create | Skirmisher |
| 18:52 | Create | Skirmisher |
| 18:52 | Create | Skirmisher |
| 18:57 | Build | Watch Tower |
| 19:07 | Build | Watch Tower |
| 19:18 | Build | Watch Tower |
| 19:21 | Create | Villager (Male) |
| 19:26 | Build | Farm |
| 19:26 | Build | Farm |
| 19:27 | Build | Farm |
| 19:28 | Build | Farm |
| 19:31 | Build | Farm |
| 19:36 | Build | Farm |
| 19:48 | Research | Fletching |
| 19:48 | Research | Fletching |
| 20:04 | Create | Villager (Male) |
| 20:26 | Create | Spearman |
| 20:40 | Create | Villager (Male) |
| 20:45 | Build | Farm |
| 20:46 | Build | Farm |
| 21:02 | Create | Villager (Male) |
| 21:03 | Build | Farm |
| 21:08 | Build | Lumber Camp |
| 21:18 | Create | Villager (Male) |
| 21:39 | Build | Watch Tower |
| 21:50 | Build | Stable |
| 22:04 | Create | Villager (Male) |
| 22:05 | Build | Farm |
| 22:25 | Build | Palisade Wall |
| 22:26 | Build | Palisade Wall |
| 22:27 | Build | Palisade Wall |
| 22:32 | Create | Villager (Male) |
| 22:43 | Create | Spearman |
| 22:53 | Build | Market |
| 22:55 | Create | Villager (Male) |
| 23:10 | Create | Villager (Male) |
| 23:52 | Research | Castle Age |
| 23:59 | Build | Watch Tower |
| 24:01 | Build | Farm |
| 24:19 | Research | Horse Collar |
| 24:25 | Create | Spearman |
Build order — Gil-galad
First 150 of 298 actions detected
| 0:00 | Create | Villager (Male) |
| 0:00 | Create | Villager (Male) |
| 0:00 | Create | Villager (Male) |
| 0:01 | Create | Villager (Male) |
| 0:02 | Build | House |
| 0:02 | Build | House |
| 1:24 | Create | Villager (Male) |
| 1:24 | Create | Villager (Male) |
| 1:38 | Build | Lumber Camp |
| 2:00 | Create | Villager (Male) |
| 2:28 | Create | Villager (Male) |
| 2:28 | Create | Villager (Male) |
| 2:54 | Create | Villager (Male) |
| 2:54 | Create | Villager (Male) |
| 3:12 | Create | Villager (Male) |
| 3:48 | Build | House |
| 3:59 | Create | Villager (Male) |
| 3:59 | Create | Villager (Male) |
| 4:00 | Create | Villager (Male) |
| 4:21 | Build | Barracks |
| 4:47 | Create | Villager (Male) |
| 4:47 | Create | Villager (Male) |
| 5:01 | Create | Villager (Male) |
| 5:01 | Create | Villager (Male) |
| 5:04 | Build | House |
| 5:15 | Create | Villager (Male) |
| 5:27 | Create | Militia |
| 5:41 | Create | Militia |
| 6:00 | Create | Villager (Male) |
| 6:01 | Create | Militia |
| 6:27 | Create | Villager (Male) |
| 6:32 | Build | Mill |
| 6:50 | Create | Villager (Male) |
| 6:52 | Build | House |
| 7:25 | Create | Villager (Male) |
| 7:33 | Create | Villager (Male) |
| 7:37 | Build | House |
| 7:41 | Research | Loom |
| 8:44 | Research | Feudal Age |
| 9:19 | Create | Villager (Male) |
| 9:24 | Build | Palisade Wall |
| 9:25 | Build | Palisade Wall |
| 9:46 | Build | Palisade Wall |
| 9:50 | Build | Palisade Wall |
| 10:03 | Build | Palisade Wall |
| 10:09 | Build | House |
| 10:11 | Build | House |
| 10:22 | Build | Palisade Wall |
| 10:26 | Create | Villager (Male) |
| 10:52 | Create | Villager (Male) |
| 10:54 | Build | Lumber Camp |
| 10:54 | Age | Feudal Age |
| 11:01 | Build | Archery Range |
| 11:08 | Create | Villager (Male) |
| 11:34 | Research | Double-Bit Axe |
| 11:44 | Create | Skirmisher |
| 11:49 | Build | Watch Tower |
| 12:03 | Create | Skirmisher |
| 12:03 | Create | Villager (Male) |
| 12:40 | Create | Skirmisher |
| 12:42 | Build | Mining Camp |
| 12:43 | Create | Villager (Male) |
| 12:56 | Create | Skirmisher |
| 13:08 | Create | Villager (Male) |
| 13:31 | Build | Palisade Wall |
| 13:41 | Create | Skirmisher |
| 13:45 | Build | Mining Camp |
| 14:16 | Create | Villager (Male) |
| 14:31 | Create | Archer |
| 14:40 | Build | Palisade Wall |
| 14:49 | Build | Palisade Wall |
| 15:01 | Create | Villager (Male) |
| 15:03 | Create | Archer |
| 15:06 | Build | Palisade Wall |
| 15:07 | Build | Palisade Wall |
| 15:09 | Build | Palisade Wall |
| 15:10 | Build | Palisade Wall |
| 15:28 | Create | Villager (Male) |
| 16:03 | Build | Farm |
| 16:08 | Create | Villager (Male) |
| 16:08 | Create | Villager (Male) |
| 16:14 | Build | Archery Range |
| 16:26 | Create | Archer |
| 16:31 | Create | Archer |
| 16:39 | Build | Farm |
| 16:41 | Build | Farm |
| 16:41 | Build | Farm |
| 16:41 | Build | Farm |
| 16:42 | Build | Farm |
| 16:45 | Build | Farm |
| 16:47 | Build | Farm |
| 16:57 | Create | Villager (Male) |
| 17:06 | Build | Palisade Wall |
| 17:12 | Create | Archer |
| 17:16 | Build | Farm |
| 17:17 | Build | Farm |
| 17:19 | Build | Palisade Wall |
| 17:26 | Build | Farm |
| 17:29 | Build | Farm |
| 17:31 | Build | Palisade Wall |
| 17:50 | Build | Stable |
| 17:52 | Create | Archer |
| 17:57 | Create | Villager (Male) |
| 18:13 | Build | House |
| 18:14 | Create | Villager (Male) |
| 18:17 | Build | House |
| 18:18 | Build | House |
| 18:19 | Create | Villager (Male) |
| 18:26 | Build | House |
| 19:02 | Create | Villager (Male) |
| 19:05 | Build | House |
| 19:19 | Build | Blacksmith |
| 19:23 | Build | House |
| 19:36 | Create | Scout Cavalry |
| 19:36 | Create | Scout Cavalry |
| 19:58 | Create | Archer |
| 19:59 | Create | Villager (Male) |
| 20:53 | Create | Villager (Male) |
| 21:06 | Create | Archer |
| 21:07 | Create | Archer |
| 21:10 | Create | Villager (Male) |
| 21:13 | Build | Market |
| 21:22 | Create | Archer |
| 21:25 | Create | Scout Cavalry |
| 21:36 | Build | Farm |
| 21:40 | Build | Farm |
| 21:41 | Create | Archer |
| 22:02 | Create | Archer |
| 22:03 | Create | Villager (Male) |
| 22:05 | Create | Scout Cavalry |
| 22:12 | Build | Farm |
| 22:17 | Build | Farm |
| 22:20 | Build | Outpost |
| 22:22 | Build | Outpost |
| 22:25 | Create | Villager (Male) |
| 22:33 | Build | Farm |
| 22:37 | Create | Villager (Male) |
| 22:46 | Create | Archer |
| 22:47 | Create | Archer |
| 22:54 | Create | Villager (Male) |
| 22:56 | Build | House |
| 22:59 | Build | Outpost |
| 23:18 | Research | Fletching |
| 23:21 | Create | Villager (Male) |
| 23:32 | Create | Archer |
| 23:32 | Create | Archer |
| 24:16 | Create | Villager (Male) |
| 25:04 | Research | Castle Age |
| 25:04 | Research | Castle Age |
| 25:04 | Research | Castle Age |
Match timeline
| 4:21 | Gil-galad · first_building Barracks |
| 5:05 | __97_Unknown_Arg · first_building Barracks |
| 6:13 | __97_Unknown_Arg · wall_segment Palisade Wall x1 |
| 6:13 | __97_Unknown_Arg · wall_segment Palisade Wall x1 |
| 6:17 | __97_Unknown_Arg · wall_segment Palisade Wall x1 |
| 7:51 | __97_Unknown_Arg · wall_segment Palisade Wall x1 |
| 7:54 | __97_Unknown_Arg · wall_segment Palisade Wall x1 |
| 8:50 | __97_Unknown_Arg · wall_segment Palisade Wall x1 |
| 8:52 | __97_Unknown_Arg · wall_segment Palisade Wall x1 |
| 8:53 | __97_Unknown_Arg · wall_segment Palisade Wall x1 |
| 9:05 | __97_Unknown_Arg · wall_segment Palisade Wall x3 |
| 9:10 | __97_Unknown_Arg · wall_segment Palisade Wall x1 |
| 9:24 | __97_Unknown_Arg · age_up feudal |
| 9:24 | Gil-galad · wall_segment Palisade Wall x5 |
| 9:25 | Gil-galad · wall_segment Palisade Wall x11 |
| 9:46 | Gil-galad · wall_segment Palisade Wall x5 |
| 9:50 | Gil-galad · wall_segment Palisade Wall x10 |
| 10:03 | Gil-galad · wall_segment Palisade Wall x4 |
| 10:22 | Gil-galad · wall_segment Palisade Wall x1 |
| 10:54 | Gil-galad · age_up feudal |
| 11:01 | Gil-galad · first_building Archery Range |
| 13:31 | Gil-galad · wall_segment Palisade Wall x4 |
| 13:43 | __97_Unknown_Arg · wall_segment Palisade Wall x1 |
| 13:44 | __97_Unknown_Arg · wall_segment Palisade Wall x3 |
| 13:46 | __97_Unknown_Arg · wall_segment Palisade Wall x3 |
| 13:47 | __97_Unknown_Arg · wall_segment Palisade Wall x3 |
| 13:48 | __97_Unknown_Arg · wall_segment Palisade Wall x1 |
| 14:40 | Gil-galad · wall_segment Palisade Wall x1 |
| 14:49 | Gil-galad · wall_segment Palisade Wall x1 |
| 15:06 | Gil-galad · wall_segment Palisade Wall x1 |
| 15:07 | Gil-galad · wall_segment Palisade Wall x1 |
| 15:09 | Gil-galad · wall_segment Palisade Wall x1 |
| 15:10 | Gil-galad · wall_segment Palisade Wall x1 |
| 15:15 | __97_Unknown_Arg · first_building Archery Range |
| 17:06 | Gil-galad · wall_segment Palisade Wall x8 |
| 17:19 | Gil-galad · wall_segment Palisade Wall x3 |
| 17:31 | Gil-galad · wall_segment Palisade Wall x2 |
| 17:50 | Gil-galad · first_building Stable |
| 21:50 | __97_Unknown_Arg · first_building Stable |
| 22:25 | __97_Unknown_Arg · wall_segment Palisade Wall x2 |
| 22:26 | __97_Unknown_Arg · wall_segment Palisade Wall x3 |
| 22:27 | __97_Unknown_Arg · wall_segment Palisade Wall x3 |
| 23:52 | __97_Unknown_Arg · first_market_buy 100 food |
| 24:48 | Gil-galad · first_market_sell 500 wood |
| 25:00 | Gil-galad · first_market_buy 100 food |
| 26:32 | __97_Unknown_Arg · age_up castle |
| 27:03 | Gil-galad · wall_segment Palisade Wall x2 |
| 27:44 | Gil-galad · age_up castle |
| 29:43 | Gil-galad · first_building Castle |
| 31:19 | Gil-galad · wall_segment Palisade Wall x1 |
| 31:20 | Gil-galad · wall_segment Palisade Wall x1 |
| 32:22 | __97_Unknown_Arg · first_building Monastery |
| 35:54 | __97_Unknown_Arg · first_building Siege Workshop |
| 39:33 | __97_Unknown_Arg · first_building Castle |
| 40:43 | __97_Unknown_Arg · first_market_sell 100 wood |
| 44:25 | __97_Unknown_Arg · age_up imperial |
| 44:33 | Gil-galad · resign |
[ AI ANALYSIS · 1 CREDIT ]
What really happened in this match?
Wolo.gg analyzes every decision: build order, eco, micro, common mistakes by bracket. Personalized analysis on WhatsApp or Discord in 30 seconds.
Civ guide
Teutons
Perfil
Jugador #3364525